AoeStats
← 肉肉小狗

Arabian Desert

510744666Analyzed
1v1 RM · 13h ago on Oct 2, 2026· 31m 31s· 2 players
Game mode
Random Map
Map size
Tiny (2 player)
Population
200
Speed
Normal
Resources
Standard
Victory
Conquest
Starting age
Dark Age
Ending age
Imperial Age
RankedLock teamsTeams togetherTeam positionsShared explorationLock speedFull tech treeHidden civsTurbo modeCheats
Victory
Defeat
🇹🇼 Varangians · Taiwan
1817
+12
🇨🇭 Varangians · Switzerland
1726
-12
Grumpy
5:55 Loom
8:56 Feudal Age
9:55 Double-Bit Axe
21:04 Town Watch
21:37 Fletching
25:37 Castle Age
26:19 Bodkin Arrow
25:48 Crossbowman
30:48 Guard Tower
肉肉小狗
7:13 Loom
10:20 Feudal Age
10:29 Man-at-Arms
12:44 Double-Bit Axe
13:36 Arson
22:02 Castle Age
20:35 Gold Mining
20:26 Horse Collar
20:56 Fletching
22:05 Crossbowman
22:42 Bodkin Arrow
23:37 Bow Saw
23:27 Heavy Plow
25:05 Stone Mining
26:01 Padded Archer Armor
28:00 Scale Barding Armor
29:35 Wheelbarrow
28:48 Town Watch
29:58 Chain Barding Armor
30:43 Elite Skirmisher
32:18 Leather Archer Armor
Connection lost

Rejoining the realm…

Still unreachable

The connection could not be restored.

Session expired

The server has moved on; the page needs a fresh start.